 Dungeon Crawl Stone Soup version 0.27-a0-819-g058290f16d (webtiles) character file.

Game seed: 2489368749643854274

3210 jasper the Cleaver (level 9, -15/72 HPs)
             Began as a Demonspawn Delver on Mar 29, 2021.
             Was a Follower of Makhleb.
             Demolished by a two-headed ogre
             ... wielding a +0 giant club
              (18 damage)
             ... on level 10 of the Dungeon.
             The game lasted 00:10:42 (8728 turns).

jasper the Cleaver (Demonspawn Delver)              Turns: 8728, Time: 00:10:43

Health: -15/72     AC:  9    Str: 16    XL:     9   Next: 65%
Magic:  13/13      EV:  7    Int: 12    God:    Makhleb [*.....]
Gold:   411        SH:  9    Dex: 14    Spells: 8/8 levels left

rFire    . . .     SeeInvis .   h - +0 war axe
rCold    . . .     Faith    .   q - +2 kite shield
rNeg     . . .     Spirit   .   D - +0 scale mail
rPois    .         Reflect  .   (helmet restricted)
rElec    .         Harm     .   (no cloak)
rCorr    .         Rampage  .   (no gloves)
Will     .....                  (no boots)
Stlth    +.........             l - amulet of the acrobat
HPRegen  0.22/turn              (no ring)
MPRegen  0.13/turn              (no ring)

@: no status effects
A: horns 1, yellow scales 1, demonic guardian 3, foul stench 1
a: Renounce Religion


You were on level 10 of the Dungeon.
You worshipped Makhleb.
Makhleb was aware of your devotion.
You visited 2 branches of the dungeon, and saw 11 of its levels.

You collected 411 gold pieces.

Inventory:

Hand Weapons
 a - a +0 hand axe
 h - a +0 war axe (weapon)
 u - a +0 flail
Missiles
 i - 261 stones
 j - 48 poisoned darts
 y - 5 boomerangs (quivered)
Armour
 b - a +0 leather armour
 m - a +0 ring mail
 q - a +2 kite shield (worn)
 D - a +0 scale mail (worn)
Jewellery
 l - an amulet of the acrobat (around neck)
 t - an amulet of guardian spirit
 w - a +6 ring of intelligence
Wands
 g - a wand of digging (2)
 r - a wand of paralysis (5)
Scrolls
 c - a scroll of fog
 d - 2 scrolls of magic mapping
 e - a scroll of fear
 p - 3 scrolls of teleportation
 s - a scroll of enchant armour
 A - a scroll of noise {unknown}
 C - a scroll of blinking {unknown}
Potions
 f - 3 potions of flight
 k - 5 potions of lignification
 n - 3 potions of heal wounds
 o - 4 potions of curing
 x - a potion of degeneration
 z - 2 potions of attraction
 B - a potion of brilliance


   Skills:
 + Level 7.1 Fighting
 * Level 8.5 Axes
 + Level 5.7 Armour
 - Level 1.7 Dodging
 - Level 4.5 Stealth
 - Level 6.0 Invocations


You had 8 spell levels left.
You didn't know any spells.
Your spell library contained the following spells:

 Spells                   Type           Power      Damage    Failure   Level
 Magic Dart               Conj           0%         1d3       100%        1
 Blink                    Tloc           N/A        N/A       100%        2
 Call Imp                 Summ           0%         N/A       100%        2
 Slow                     Hex            0%         N/A       100%        2
 Conjure Flame            Conj/Fire      0%         6-21      100%        3
 Mephitic Cloud           Conj/Pois/Air  0%         N/A       100%        3


Dungeon Overview and Level Annotations

Branches:
Dungeon (10/15)            Temple (1/1) D:6            Lair (0/6) D:9
    Orc: D:9-12

Altars:
Cheibriados
Elyvilon
Gozag
Hepliaklqana
Kikubaaqudgha
Makhleb
Nemelex Xobeh
Okawaru
Qazlal
Sif Muna
Uskayaw
Wu Jian
Xom
The Shining One

Annotations:
D:8 Maurice


Innate Abilities, Weirdness & Mutations

You have a pair of small horns on your head.
You are partially covered in yellow scales. (AC +2)
A powerful demonic guardian rushes to your aid.
You may rarely emit foul miasma when damaged in melee.


Message History

Something barely misses your soul eater.
Something hits your soul eater.
You swing at nothing.
You swing at nothing.
Your soul eater hits something!
Makhleb accepts your kill.
Reactivating autopickup.
You feel a bit more experienced.
You swing at nothing.
You swing at nothing.
Your soul eater disappears in a puff of smoke!
HP restored.
Key pressed, stopping explore.
As you open the door, it creaks loudly!
Found a stone staircase leading up.
There is an open door here.
Health restored: 72
r - a wand of paralysis (5)
You open the door.
There is an open door here.
A two-headed ogre comes into view. It is wielding two +0 giant clubs.
The two-headed ogre shouts in stereo!
You barely miss the two-headed ogre.
The two-headed ogre hits you with a +0 giant club!!
A demonic guardian appears!
The two-headed ogre hits you with a +0 giant club!
You take 27 damage, and have 45/72 hp.
MASSIVE DAMAGE!!
You hit the two-headed ogre.
The two-headed ogre is lightly wounded.
You block the two-headed ogre's attack. x2
Your soul eater hits the two-headed ogre!
The two-headed ogre hits you with a +0 giant club.
The two-headed ogre hits you with a +0 giant club!
You take 22 damage, and have 23/72 hp.
MASSIVE DAMAGE!!
You hit the two-headed ogre.
The two-headed ogre is heavily wounded.
Your soul eater hits the two-headed ogre.
The two-headed ogre hits you with a +0 giant club!!
* * * LOW HITPOINT WARNING * * *
The two-headed ogre hits you with a +0 giant club!!
You die...

.... .... .....
##+##
.....##...#
..........#
.....3....#
......O...#
#@..#
########...#
#......#...#
#......'...#
#...########
#...####...#####
#...........#...
#...........'...
#...........#...


You could see a two-headed ogre (ally target) and a friendly soul eater
(summoned).

Vanquished Creatures
  A troll (D:9)
  Eustachio (D:5)
  2 wargs (D:10)
  3 sky beasts
  2 ogres (D:6)
  2 necrophages
  3 centaurs
  A phantom (D:6)
  2 bullfrogs
  A centaur zombie (D:7)
  A howler monkey (D:9)
  A bullfrog skeleton (D:5)
  An orc priest (D:6)
  A gnoll shaman (D:6)
  An iguana (D:6)
  2 orc wizards
  4 gnolls (D:6)
  5 adders
  2 shadow imps
  A white imp (D:7)
  An adder zombie (D:5)
  4 worms
  A dart slug (D:1)
  18 orcs
  6 endoplasms
  3 giant cockroaches
  5 goblins
  2 hobgoblins
  3 jackals (D:2)
  3 quokkas
  2 ball pythons
  7 bats
  3 frilled lizards (D:1)
  2 kobolds
  3 rats (D:1)
100 creatures vanquished.

Vanquished Creatures (collateral kills)
  A two-headed ogre (D:9)
  An unseen horror (D:10)
  A troll (D:9)
  A steam dragon (D:6)
  2 centaurs (D:9)
  A bullfrog (D:6)
  A scorpion (D:6)
  2 howler monkeys (D:9)
  An orc priest (D:9)
  An orc wizard (D:6)
  3 orcs (D:6)
15 creatures vanquished.

Grand Total: 115 creatures vanquished

Notes
Turn   | Place    | Note
-------+----------+-------------------------------------------
     0 | D:5      | jasper the Demonspawn Delver began the quest for the Orb.
     0 | D:5      | Reached XP level 1. HP: 18/18 MP: 1/1
    33 | D:5      | Noticed a necrophage
   193 | D:4      | You fall into a shaft and drop 1 floor!
   198 | D:5      | Noticed a centaur
   215 | D:5      | Killed a centaur
   216 | D:5      | Reached skill level 3 in Axes
   216 | D:5      | Reached skill level 1 in Armour
   216 | D:5      | Gained mutation: You are partially covered in yellow
                  | scales. (AC +2) [demonic ancestry]
   216 | D:5      | Reached XP level 2. HP: 3/24 MP: 2/2
   216 | D:5      | Gained mutation: You may rarely emit foul miasma when
                  | damaged in melee. [demonic ancestry]
   216 | D:5      | Reached XP level 3. HP: 4/29 MP: 3/3
   216 | D:5      | Gained mutation: A weak demonic guardian rushes to your
                  | aid. [demonic ancestry]
   216 | D:5      | Reached XP level 4. HP: 5/36 MP: 4/4
   626 | D:3      | Found a stormy altar of Qazlal.
  1352 | D:1      | Reached XP level 5. HP: 42/42 MP: 5/5
  3572 | D:4      | Reached skill level 4 in Axes
  4028 | D:5      | Noticed a sky beast
  4032 | D:5      | Killed a sky beast
  4033 | D:5      | Gained mutation: A demonic guardian rushes to your aid.
                  | [demonic ancestry]
  4033 | D:5      | Reached XP level 6. HP: 48/48 MP: 6/6
  4549 | D:5      | Noticed a sky beast
  4562 | D:5      | Killed a sky beast
  4563 | D:5      | Reached skill level 5 in Axes
  4563 | D:5      | Gained mutation: You have a pair of small horns on your
                  | head. [demonic ancestry]
  4563 | D:5      | Reached XP level 7. HP: 27/55 MP: 7/7
  4725 | D:5      | Noticed Eustachio
  4737 | D:5      | Killed Eustachio
  4884 | D:6      | Found a staircase to the Ecumenical Temple.
  4892 | D:6      | Reached skill level 5 in Fighting
  4899 | Temple   | Entered the Ecumenical Temple
  4908 | Temple   | Became a worshipper of Makhleb the Destroyer
  5170 | D:6      | Noticed a steam dragon
  5176 | D:6      | Reached skill level 1 in Invocations
  5182 | D:6      | Killed a steam dragon
  5535 | D:6      | Reached skill level 6 in Axes
  5535 | D:6      | Gained mutation: A powerful demonic guardian rushes to your
                  | aid. [demonic ancestry]
  5535 | D:6      | Reached XP level 8. HP: 50/63 MP: 9/9
  6594 | D:7      | Reached skill level 7 in Axes
  7097 | D:8      | Noticed Maurice
  7105 | D:9      | Noticed a troll
  7127 | D:9      | Killed a troll
  7127 | D:9      | Reached * piety under Makhleb
  7273 | D:9      | Noticed a troll
  7280 | D:9      | Killed a troll
  7281 | D:9      | Reached XP level 9. HP: 39/70 MP: 12/12
  7334 | D:9      | Noticed a two-headed ogre
  7352 | D:9      | Killed a two-headed ogre
  7353 | D:9      | Reached skill level 8 in Axes
  7353 | D:9      | Reached skill level 5 in Armour
  7353 | D:9      | Reached skill level 5 in Invocations
  7877 | D:9      | Found a staircase to the Lair.
  8215 | D:10     | Entered Level 10 of the Dungeon
  8494 | D:10     | Killed an unseen horror
  8725 | D:10     | Noticed a two-headed ogre
  8728 | D:10     | HP: 3/72 [two-headed ogre/+0 giant club (20)]
  8728 | D:10     | Demolished by a two-headed ogre

Illustrated notes

Levels and vault maps discovered:
D:1:      dpeg_arrival_rooms_b, layout_rooms, minmay_heptomino_l4
D:2:      layout_loops_ring, nicolae_underground_beach
D:3:      layout_basic, lemuel_round_altar, hangedman_decor_push,
          grunt_decor_cap
D:4:      layout_cave_pools
D:5:      layout_loops_corners, uniq_eustachio
D:6:      layout_cave_pods, minmay_temple_entry_glass
D:7:      layout_cave_pools
D:8:      minmay_imperfect_grid, layout_cave_pools, uniq_maurice, uniq_harold,
          uniq_prince_ribbit1
D:9:      layout_basic, lair_entry_dummy, kennysheep_generic_room_11
D:10:     layout_gridville, minmay_orc_entry_guard_dogs,
          chequers_serial_rivers_micro_a
Temple:   dpeg_three_leaves_temple

Skill      XL: |  1  2  3  4  5  6  7  8  9 |
---------------+----------------------------+-----
Axes           | 3 4 5 6 7 8 |  8.5
Armour         | 1 2 3 4 5 |  5.7
Fighting       | 4 5 6 7 |  7.1
Invocations    | 2 4 6 |  6.0
Dodging        | |  1.7
Stealth        | |  4.5

Action                   |  1- 3 |  4- 6 |  7- 9 || total
-------------------------+-------+-------+-------++-------
Melee: War axe           |     6 |   187 |   146 ||   339
       Headbutt          |       |       |    31 ||    31
Throw: Stone             |       |   104 |       ||   104
       Boomerang         |       |    18 |    58 ||    76
Evoke: Wand              |       |     6 |     9 ||    15
  Use: Potion            |     2 |       |     4 ||     6
       Scroll            |       |     1 |     6 ||     7
 Stab: Sleeping          |       |     1 |       ||     1
Armor: Leather armour    |     2 |     1 |       ||     3
       Ring mail         |       |    98 |    67 ||   165
       Skin              |       |       |    16 ||    16
       Scale mail        |       |       |    23 ||    23
Dodge: Dodged            |     7 |   101 |   105 ||   213
Block: Kite shield       |       |       |    54 ||    54

Table legend: (Time is in decaauts)
 A = Elapsed time spent in this place.
 B = Non-inter-level travel time spent in this place.
 C = Inter-level travel time spent in this place.
 D = Time resting spent in this place.
 E = Time spent auto-exploring this place.
 F = Levels seen in this place.
 G = Mean time per level.
                   A        B        C        D        E       F      G
               +--------+--------+--------+--------+--------+-----+--------+
         Total |   8873 |   8680 |    193 |   1620 |   5663 |  11 |  806.6 |
       Dungeon |   8855 |   8669 |    186 |   1620 |   5663 |  10 |  885.5 |
        Temple |     17 |     10 |      7 |      0 |      0 |   1 |   17.0 |
               +--------+--------+--------+--------+--------+-----+--------+

Top non-repeatable levels by time:
     D:6: 1492 daAuts
     D:5: 1408 daAuts
     D:9: 1343 daAuts
     D:2: 1164 daAuts
     D:3: 898 daAuts
     D:1: 763 daAuts
     D:4: 711 daAuts
     D:7: 671 daAuts
    D:10: 318 daAuts
     D:8: 82 daAuts
  Temple: 17 daAuts
